 Dungeon Crawl Stone Soup version 0.18-a0-1643-gb89d9db (webtiles) character file.

129 xandermoraine the Conjurer (level 4, 0/33 HPs)
             Began as a Draconian Conjurer on Mar 29, 2016.
             Was an Initiate of Sif Muna.
             Succumbed to a scorpion's poison
             ... on level 4 of the Dungeon.
             The game lasted 00:26:36 (2083 turns).

xandermoraine the Conjurer (Draconian Conjurer)     Turns: 2083, Time: 00:26:36

Health: 0/33       AC:  5    Str: 11    XL:     4   Next: 88%
Magic:  2/7        EV: 13    Int: 16    God:    Sif Muna [......]
Gold:   113        SH:  0    Dex: 11    Spells: 3 memorised, 1 level left

rFire  . . .     SeeInvis +     u - +0 trident (flame)
rCold  . . .     Gourm    .     (armour unavailable)
rNeg   . . .     Faith    .     (no shield)
rPois  .         Spirit   .     (helmet restricted)
rElec  .         Dismiss  .     (no cloak)
rCorr  .         Reflect  .     (no gloves)
SustAt +         Harm     .     (no boots)
MR     .....                    (no amulet)
Stlth  ++........               r - ring of sustain attributes
                                h - ring of see invisible

@: lethally poisoned (0 -> -15), not resistant to hostile enchantments,
unstealthy
A: unfitting armour, cold-blooded, AC +5
a: Renounce Religion


You were on level 4 of the Dungeon.
You worshipped Sif Muna.
Sif Muna was noncommittal.
You were hungry.

You visited 1 branch of the dungeon, and saw 4 of its levels.

You collected 113 gold pieces.

Inventory:

Hand Weapons
 b - a +0 dagger
 i - a +0 mace
 j - a +0 club
 m - a +0 mace
 u - a +0 trident of flaming (weapon)
Armour
 l - a +1 leather armour
Jewellery
 h - a ring of see invisible (left hand)
 r - a ring of sustain attributes (right hand)
Wands
 p - a wand of slowing (32/48)
Scrolls
 g - a scroll of remove curse
 n - 2 scrolls of amnesia {unknown}
 t - a scroll of fog {unknown}
Potions
 c - 2 potions of cancellation
 e - 3 potions of degeneration {unknown}
 f - a potion of resistance {unknown}
 k - a potion of magic {unknown}
 o - 2 potions of flight {unknown}
 s - a potion of curing {unknown}
Books
 a - a book of Conjurations

   Spells                             Type                      Level
   a - Magic Dart                     Conjuration                  1
   b - Searing Ray                    Conjuration                  2
   c - Dazzling Spray                 Conjuration/Hexes            3
   d - Fulminant Prism                Conjuration/Hexes            4
   e - Iskenderun's Mystic Blast      Conjuration                  4
   f - Iskenderun's Battlesphere      Conjuration/Charms           5
Comestibles
 d - a slice of pizza
 q - 2 bread rations


   Skills:
 + Level 0.2 Fighting
 + Level 0.2 Short Blades
 + Level 3.1 Dodging
 + Level 2.0 Stealth
 + Level 2.4 Spellcasting
 + Level 5.0 Conjurations


You had one spell level left.
You knew the following spells:

 Your Spells              Type           Power        Failure   Level  Hunger
a - Magic Dart            Conj           ###.         2%          1    #......
b - Searing Ray           Conj           ###...       4%          2    ###....
c - Dazzling Spray        Conj/Hex       ##......     21%         3    ###....


Dungeon Overview and Level Annotations

Branches:
Dungeon (4/15)
 Temple: D:4-7

Altars:
Sif Muna


Innate Abilities, Weirdness & Mutations

Your plain brown scales are hard (AC +5).
Your body does not fit into most forms of armour.
You are cold-blooded and may be slowed by cold attacks.


Message History

Aim: a scorpion (heavily wounded)
The magic dart hits the scorpion.
The scorpion is heavily wounded.
You feel sick. The scorpion stings you!
* * * LOW HITPOINT WARNING * * *
You are more poisoned.
The scorpion poisons you!
* * * LOW HITPOINT WARNING * * *
You feel sick.
You hit the scorpion but do no damage.
You tail-slap the scorpion, but do no damage.
The scorpion is heavily wounded.
* * * LOW HITPOINT WARNING * * *
You feel sick.
The scorpion stings you but does no damage.
Drink which item? (? for menu, Esc to quit)
It was a potion of cancellation.
Your magical contamination has completely faded away.
You feel magically purged.
You die...

#...# ...# # #...........
#..)######.#.#..#...........
#...............#...........
#...............#...........
#.####......<...... .......
#. #..##......... .......
#.####..##...$.#...
#.#................
+.......s@...#
#.........$......
#................
####.#.#.........
#.#.#.#.$.#### #.#.#.#.....
............# #...........+


You could see a scorpion.

Vanquished Creatures
  A hound (D:4)
  5 adders
  2 oozes (D:4)
  3 giant geckos
  An orc (D:3)
  3 giant cockroaches
  6 goblins
  4 hobgoblins
  4 jackals (D:3)
  A quokka (D:2)
  2 ball pythons
  3 bats
  5 giant newts
  2 kobolds (D:2)
  3 rats
45 creatures vanquished.

Notes
Turn   | Place    | Note
--------------------------------------------------------------
     0 | D:1      | xandermoraine the Draconian Conjurer began the quest for the Orb.
     0 | D:1      | Reached XP level 1. HP: 14/14 MP: 3/3
   342 | D:2      | Reached XP level 2. HP: 17/20 MP: 0/5
   372 | D:2      | Learned a level 2 spell: Searing Ray
   895 | D:2      | Reached XP level 3. HP: 16/26 MP: 0/6
  1468 | D:3      | Reached XP level 4. HP: 33/33 MP: 3/7
  1578 | D:3      | Found a deep blue altar of Sif Muna.
  1596 | D:3      | Became a worshipper of Sif Muna the Loreminder
  1641 | D:4      | Learned a level 3 spell: Dazzling Spray
  1761 | D:4      | Reached skill level 5 in Conjurations
  2082 | D:4      | HP: 1/33 [poisoned by a scorpion]
  2083 | D:4      | Succumbed to a scorpion's poison

Vault maps used:
D:1:      matt_arrival_grand_opening
D:3:      nicolae_overflow_crystal_walls, first_bread, trog_book
D:4:      kennysheep_little_box, minmay_temple_entry_glassed_door,
          uniq_crazy_yiuf_cottage, uniq_blork_the_orc

Skill      XL: |  1  2  3  4 |
---------------+-------------+-----
Dodging        | 2 3 |  3.1
Stealth        | 2 |  2.0
Conjurations   | 5 |  5.0
Fighting       | |  0.2
Short Blades   | |  0.2
Spellcasting   | |  2.4

Action                   |  1- 3 |  4- 6 || total
-------------------------+-------+-------++-------
Melee: Mace              |    16 |       ||    16
       Unarmed           |     5 |       ||     5
       Club              |    30 |       ||    30
       Dagger            |    17 |    31 ||    48
       Trident           |       |     6 ||     6
 Cast: Magic Dart        |    41 |    27 ||    68
       Searing Ray       |     1 |     3 ||     4
  Use: Scroll            |     2 |     1 ||     3
       Potion            |       |     1 ||     1
 Stab: Sleeping          |     1 |       ||     1
  Eat: Bread ration      |     1 |       ||     1
